 Dungeon Crawl Stone Soup version 0.32-a0-329-ge6c31236d6 (webtiles) character file.

Game seed: 13088457660320727866

7 Bravepunisher the Ducker (level 1, 0/11 HPs)
             Began as a Spriggan Monk on Feb 16, 2024.
             Killed by divine providence
             ... invoked by an orc priest
              (11 damage)
             ... on level 6 of the Dungeon.
             The game lasted 00:02:09 (492 turns).

Bravepunisher the Ducker (Spriggan Monk)             Turns: 492, Time: 00:02:09

Health: 0/11       AC:  2    Str:  7    XL:     1   Next: 83%
Magic:  2/2        EV: 19    Int: 11    God:
Gold:   29         SH:  0    Dex: 17    Spells: 0/0 levels left

rFire   . . .        a - +0 short sword
rCold   . . .        (no shield)
rNeg    . . .        b - +0 robe
rPois   .            (helmet restricted)
rElec   .            (no cloak)
rCorr   .            (gloves unavailable)
SInv    +            (boots unavailable)
Will    .....        (no amulet)
Stlth   ++           (no ring)
HPRegen 0.21/turn    (no ring)
MPRegen 0.08/turn

%: no passive effects
@: very quick
A: very small, no large weapons, unfitting armour, see invisible, speed 3
a: Convert to Beogh


You were on level 6 of the Dungeon.
You visited 1 branch of the dungeon, and saw 6 of its levels.

You collected 29 gold pieces.

Inventory:

Hand Weapons
 a - a +0 short sword (weapon)
Missiles
 d - 2 throwing nets (quivered)
Armour
 b - a +0 robe (worn)
Wands
 f - a wand of paralysis (12)
Scrolls
 e - a scroll of fear {unknown}
Potions
 c - a potion of ambrosia


   Skills:
 + Level 2.5 Fighting
 - Level 3.2 Short Blades
 * Level 4.4 Dodging


You couldn't memorise any spells.
You didn't know any spells.
Your spell library was empty.

Dungeon Overview and Level Annotations

Branches:
Dungeon (6/15)
 Temple: D:4-7

Altars:
Dithmenos

Annotations:
D:3 Terence
D:4 Eustachio, Pikel
D:6 Grinder


Innate Abilities, Weirdness & Mutations

You are very small and have problems with some larger weapons.
You are too small for most types of armour.
You have supernaturally acute eyesight. (SInv)
You cover ground extremely quickly. (Speed+++)


Message History

There is a stone staircase leading up here.
You open the door.
Found 8 gold pieces.
Found a scroll labelled ZABOYRRO ISUNT.
There is an open door here.
Found a war axe.
You see here 8 gold pieces.
You open the door.
Unknown command.
You open the door.
There is an open door here.
Found a scroll labelled LODIDI SUOV.
There is an open door here.
e - a scroll labelled ZABOYRRO ISUNT You now have 29 gold pieces (gained 8).
You open the door.
Found a stone staircase leading down.
There is an open door here.
An iguana comes into view.
The iguana hisses angrily.
There is a stone staircase leading down here.
The iguana closely misses you.
You climb downwards.
Grinder shouts!
Found a stone staircase leading up.
There is a stone staircase leading up here.
Unknown command.
Found a ring mail.
Found a copper wand.
f - a wand of paralysis (12) 2 orcs come into view.
Found a stone staircase leading down.
An orc priest and 2 orcs come into view.
An orc is wielding a +0 flail of draining.
The orc priest is wielding a +0 flail of holy wrath.
The orc priest shouts!
The orc shouts! x3
Unknown command.
The orc priest calls down the wrath of Beogh upon you.
Beogh smites you!
Ouch! That really hurt!
You die...

.... #.o# #o.# #.
#o.# #.###..####
#...o..##.# #.>o##.#
#@...# #.##.#
#.##.## #.....## ...
.....##...#
....#.######ls.###
#.#...######.....#
#.........##...####
#.#.#.###..........#


You could see an orc priest and 4 orcs.

Vanquished Creatures
  A goblin (D:1)
  A kobold (D:4)
  A ball python (D:4)
  A bat (D:2)
4 creatures vanquished.

Notes
Turn   | Place    | Note
-------+----------+-------------------------------------------
     0 | D:1      | Bravepunisher the Spriggan Monk began the quest for the
                  | Orb.
     0 | D:1      | Reached XP level 1. HP: 11/11 MP: 2/2
   173 | D:3      | Noticed Terence
   302 | D:4      | Found a shadowy altar of Dithmenos.
   302 | D:4      | Noticed a sleepcap
   315 | D:4      | Noticed Eustachio
   398 | D:4      | Noticed Pikel
   398 | D:4      | Noticed a lemure
   398 | D:4      | Noticed a lemure
   398 | D:4      | Noticed a lemure
   409 | D:5      | Entered Level 5 of the Dungeon
   474 | D:5      | Noticed an iguana
   477 | D:6      | Noticed Grinder
   477 | D:6      | Noticed a scorpion
   491 | D:6      | Noticed an orc priest
   492 | D:6      | Killed from afar by an orc priest

Illustrated notes

Levels and vault maps discovered:
D:1:      matt_arrival_diagonals, layout_loops_corners, serial_shops,
          shop_scrolls
D:2:      layout_basic, minmay_pentomino_r2
D:3:      layout_loops_ring, uniq_terence, uniq_crazy_yiuf_cottage
D:4:      layout_loops_ring, regret_index_temple_of_mockery,
          nicolae_dithmenos_the_darkroom, uniq_ijyb, uniq_eustachio, uniq_pikel
D:5:      layout_basic, minmay_temple_entry_large_hall, dk_noncrumbling_3,
          nicolae_goblin_pals
D:6:      lemuel_ratsnest, layout_basic, okawaru_metal_pillars_1_2,
          lemuel_doored_altar, mainiacjoe_overflow_divided_tiny, uniq_grinder

Action                     || total
---------------------------++-------
  Melee: Short sword       ||    18
 Armour: Robe              ||     9
  Dodge: Dodged            ||    30

Table legend: (Time is in decaauts)
 A = Elapsed time spent in this place.
 B = Non-inter-level travel time spent in this place.
 C = Inter-level travel time spent in this place.
 D = Time resting spent in this place.
 E = Time spent auto-exploring this place.
 F = Levels seen in this place.
 G = Mean time per level.
                   A        B        C        D        E       F      G
               +--------+--------+--------+--------+--------+-----+--------+
         Total |    309 |    309 |      0 |      0 |     72 |   6 |   51.5 |
       Dungeon |    309 |    309 |      0 |      0 |     72 |   6 |   51.5 |
               +--------+--------+--------+--------+--------+-----+--------+

Top non-repeatable levels by time:
     D:4: 145 daAuts
     D:1: 87 daAuts
     D:5: 43 daAuts
     D:2: 21 daAuts
     D:6: 9 daAuts
     D:3: 2 daAuts
